Map: Prion Terraces

Players

Grumm - Winner!

  • Race: Protoss Protoss
  • League: Gold

Analol

  • Race: Protoss Protoss
  • League: Gold

VOD

Have the link to the VOD?

Description

Time

  • Played on: Feb. 13, 2016, 1:03 p.m.
  • Length: 3:59
Show
View Real Time Build Order
Export as new Build Order

Grumm Protoss - Winner!

Build Orders:  

Get SALT Encoding   

  12  0:01  Probe (Chrono Boost)  
  13  0:19  Pylon, Probe (Chrono Boost)  
  14  0:40  Gateway  
  14  0:45  Gateway  
  14  0:49  Probe (Chrono Boost)  
  15  0:59  Probe (Chrono Boost)  
  15  1:01  Assimilator  
  16  1:11  Probe (Chrono Boost)  
  17  1:31  Cybernetics Core  
  19  1:32  Zealot  
  19  1:33  Zealot  
  21  1:40  Probe (Chrono Boost)  
  21  1:44  Assimilator  
  22  1:53  Pylon  
  22  2:11  Adept x2  
  26  2:19  Probe (Chrono Boost)  
  27  2:32  Probe  
  28  2:43  Pylon  
  28  2:45  Robotics Facility  
  27  3:23  Probe  
  27  3:25  Nexus  
  26  3:33  Pylon  
  26  3:35  Probe  
  26  3:41  Pylon  
Show
View Real Time Build Order
Export as new Build Order

Analol Protoss 

Build Orders: 1 Gate Expand 

Get SALT Encoding   

  12  0:01  Probe (Chrono Boost)  
  13  0:12  Probe (Chrono Boost)  
  14  0:23  Pylon  
  14  0:24  Probe (Chrono Boost)  
  15  0:41  Probe (Chrono Boost)  
  16  0:46  Gateway  
  16  0:51  Probe (Chrono Boost)  
  17  1:02  Probe (Chrono Boost)  
  18  1:14  Nexus  
  18  1:35  Cybernetics Core  
  18  1:38  Assimilator  
  18  1:40  Assimilator  
  18  2:28  Mothership Core (Chrono Boost)  
  20  2:36  Probe (Chrono Boost)  
  21  2:44  Adept  
  21  2:46  Probe x2 (Chrono Boost)  
  25  3:03  Probe x2 (Chrono Boost)  
  26  3:15  Adept  
  23  3:32  Probe x2  
  15  3:44  Probe x2  
Tags
 
Add a new tag
Caveats
  • Supply blocks, unpowered buildings, or Contaminate may cause inaccurate times.
  • Supply counts are checked every 10 seconds.